 Dungeon Crawl Stone Soup version 0.30.1-3-gfc49f6343a (webtiles) character file.

Game seed: 3908118764290843996

2 H0rd4k the Charlatan (level 1, 0/13 HPs)
             Began as an Octopode Artificer on Aug 2, 2023.
             Slain by a kobold
             ... wielding a +0 short sword
              (2 damage)
             ... on level 1 of the Dungeon.
             The game lasted 00:00:11 (148 turns).

H0rd4k the Charlatan (Octopode Artificer)            Turns: 148, Time: 00:00:11

Health: 0/13       AC:  1    Str: 11    XL:     1   Next: 30%
Magic:  1/1        EV: 13    Int: 13    God:
Gold:   10         SH:  0    Dex: 12    Spells: 0/0 levels left

rFire   . . .        (no weapon)
rCold   . . .        (no shield)
rNeg    . . .        (helmet restricted)
rPois   .            (no amulet)
rElec   .            (no ring)
rCorr   .            (no ring)
SInv    .            (no ring)
Will    .....        (no ring)
Stlth   +++          (no ring)
HPRegen 0.22/turn    (no ring)
MPRegen 0.07/turn    (no ring)
                     (no ring)

%: no passive effects
@: no status effects
A: almost no armour, amphibious, 8 rings, camouflage 1, gelatinous body 1,
(nimble swimmer 1), tentacles
a: no special abilities


You were on level 1 of the Dungeon.
You visited 1 branch of the dungeon, and saw 1 of its levels.

You collected 10 gold pieces.

Inventory:

Wands
 b - a wand of flame (15) (quivered)
 c - a wand of charming (15)
 d - a wand of iceblast (5)
Scrolls
 a - a scroll of magic mapping {unknown}
 f - a scroll of fear {unknown}
Potions
 e - a potion of heal wounds {unknown}
 g - a potion of curing {unknown}


   Skills:
 + Level 1.0 Fighting
 + Level 2.4 Dodging
 + Level 1.3 Stealth
 + Level 3.4 Evocations


You couldn't memorise any spells.
You didn't know any spells.
Your spell library was empty.

Dungeon Overview and Level Annotations

Branches:
Dungeon (1/15)

Altars:


Innate Abilities, Weirdness & Mutations

You cannot wear most types of armour.
You are amphibious.
You can wear up to eight rings at the same time.
Your skin changes colour to match your surroundings (Stealth+).
Your rubbery body absorbs attacks. (AC +1, EV +1)
((You are camouflaged when in or above water. (Stealth+)))
You have tentacles for arms and can constrict up to eight enemies at once.


Message History

The endoplasm is almost dead.
The endoplasm freezes you.
You are frozen.
You tentacle-slap the endoplasm.
You kill the endoplasm!
No target in view!
No target in view!
No target in view!
No target in view!
HP restored.
g - a green potion A kobold comes into view.
It is wielding a +0 short sword.
The kobold shouts!
The kobold throws a stone.
The stone hits you.
The kobold throws a stone.
The stone closely misses you.
You barely miss the kobold. Your grab misses the kobold.
The kobold hits you with a +0 short sword.
You closely miss the kobold. You grab the kobold.
You constrict the kobold, but do no damage.
The kobold hits you with a +0 short sword.
You tentacle-slap the kobold.
The kobold is heavily wounded.
You constrict the kobold, but do no damage.
The kobold hits you with a +0 short sword.
* * * LOW HITPOINT WARNING * * *
You are too injured to fight recklessly!
You are too injured to fight recklessly!
You are too injured to fight recklessly!
You are too injured to fight recklessly!
You are too injured to fight recklessly!
You are too injured to fight recklessly!
You are too injured to fight recklessly!
You are too injured to fight recklessly!
A kobold is nearby!
A kobold is nearby!
You tentacle-slap the kobold.
The kobold is heavily wounded.
You constrict the kobold, but do no damage.
The kobold hits you with a +0 short sword.
You die...

#.###..#..###..#.)
#.....#..#...#..##
.#######.#..#...#...#
.........#.##...#...#
..#####..##..###.###.
..##..##.......... ###
#.##..##..###.###.
.....##.#.....##...#...#
#..K@.......#...#...#
##.#.#..##..#...#..## #
#.#..###..###.)#..
..#........#...#..
......###...#..##..
.......######..#[.##
...........#....#....
.................#....
...♣.....♣.........#.#####


You could see a kobold.

Vanquished Creatures
  An endoplasm (D:1)
  A bat (D:1)
2 creatures vanquished.

Notes
Turn   | Place    | Note
-------+----------+-------------------------------------------
     0 | D:1      | H0rd4k the Octopode Artificer began the quest for the Orb.
     0 | D:1      | Reached XP level 1. HP: 13/13 MP: 1/1
   148 | D:1      | Slain by a kobold

Illustrated notes

Levels and vault maps discovered:
D:1:      wander_arrival_estate, layout_loops_cross, nicolae_hexahallways,
          nicolae_titane

Action                     || total
---------------------------++-------
  Melee: Unarmed           ||     9
         Tentacles         ||     2
         Constrict         ||     1
  Dodge: Dodged            ||     3
